 Dungeon Crawl Stone Soup version 0.29-a0-284-gf9362112df (console) character file.

Game seed: 16483638958050471791

132444 nilya the Basher (level 16, -30/139 HPs)
             Began as a Demigod Wanderer on Mar 18, 2022.
             Killed from afar by Nikola (63 damage)
             ... with an arc of chain lightning
             ... on level 1 of the Shoals.
             The game lasted 01:15:44 (29889 turns).

nilya the Basher (Demigod Wanderer)                Turns: 29889, Time: 01:15:45

Health: -30/139    AC: 18    Str: 16    XL:     16   Next: 9%
Magic:  2/35       EV: 16    Int: 27    God:
Gold:   1067       SH:  7    Dex: 25    Spells: 11/35 levels left

rFire   + . .      SeeInvis .   b - +5 demon whip (vorpal)
rCold   + . .      Faith    .   x - +0 buckler
rNeg    . . .      Spirit   .   J - +0 swamp dragon scales
rPois   +          Reflect  .   C - +0 hat {Will+}
rElec   +          Harm     .   N - +2 cloak
rCorr   +          Rampage  .   l - +0 pair of gloves
Will    ++...                   w - +2 pair of boots
Stlth   +.........              R - amulet of regeneration
HPRegen 1.13/turn               P - +4 ring of slaying
MPRegen 0.24/turn               Q - ring of Xego {Drain rPois Dex+8 Slay+3 Stlth+}

@: resistant, studying Short Blades, very slow
A: high MP 1, forlorn, divine attributes, hooves 1, passive freeze, shaggy fur 1
a: no special abilities


You were on level 1 of the Shoals.
You visited 4 branches of the dungeon, and saw 24 of its levels.
You also visited: Sewer.

You collected 4824 gold pieces.
You spent 3757 gold pieces at shops.

Inventory:

Hand Weapons
 a - a +1 vorpal hand crossbow
 b - a +5 vorpal demon whip (weapon)
Missiles
 d - 6 throwing nets
 n - a curare-tipped dart
Armour
 l - a +0 pair of gloves (worn)
 w - a +2 pair of boots (worn)
 x - a +0 buckler (worn)
 C - a +0 hat of willpower (worn)
 G - +0 steam dragon scales
 J - +0 swamp dragon scales (worn)
 N - a +2 cloak (worn)
Jewellery
 f - a ring of protection from cold
 i - a ring of protection from fire
 m - a ring of see invisible
 p - a ring of resist corrosion
 A - a ring of poison resistance
 I - a ring of positive energy
 P - a +4 ring of slaying (left hand)
 Q - the ring of Xego (right hand) {Drain rPois Dex+8 Slay+3 Stlth+}
   (You bought it in a shop on level 2 of the Orcish Mines)

   [ring of poison resistance]

   Dex:       It affects your dexterity (+8).
   Slay:      It affects your accuracy & damage with ranged weapons and melee
   (+3).
   rPois:     It protects you from poison.
   Drain:     It drains your maximum health when unequipped.
   Stlth:     It makes you more stealthy.
 R - an amulet of regeneration (around neck)
 S - an amulet of guardian spirit
Wands
 u - a wand of mindburst (7)
 v - a wand of paralysis (13)
 D - a wand of acid (18)
 L - a wand of digging (6)
 O - a wand of iceblast (26)
Scrolls
 c - a scroll of magic mapping
 e - 15 scrolls of identify
 g - a scroll of torment
 o - 4 scrolls of enchant armour
 q - a scroll of holy word
 y - 7 scrolls of fog
 F - 8 scrolls of blinking
 H - 3 scrolls of amnesia
 M - 4 scrolls of teleportation
 T - a scroll of fear
Potions
 h - 2 potions of brilliance
 j - 6 potions of flight
 k - 5 potions of attraction
 r - 10 potions of curing
 s - 3 potions of heal wounds
 t - 2 potions of cancellation
 z - 3 potions of might
 E - 2 potions of invisibility
 K - 3 potions of haste
 U - a potion of magic {unknown}


   Skills:
 - Level 12.0 Fighting
 - Level 12.0 Maces & Flails
 - Level 10.0 Crossbows
 - Level 7.0 Armour
 - Level 7.0 Dodging
 - Level 5.0 Shields
 - Level 10.0 Spellcasting
 - Level 8.0 Summonings
 * Level 7.8 Ice Magic
 - Level 9.0 Air Magic
 - Level 4.0 Evocations


You had 11 spell levels left.
You knew the following spells:

 Your Spells              Type           Power      Damage    Failure   Level
a - Summon Lightning Spi  Summ/Air       56%        N/A       3%          4
b - Static Discharge      Conj/Air       37%        N/A       2%          2
c - Airstrike             Air            29%        N/A       2%          4
d - Frozen Ramparts       Ice            100%       1d12      1%          3
e - Ozocubu's Refrigerat  Ice            27%        4d10      98%         7
f - Summon Ice Beast      Ice/Summ       54%        N/A       3%          4

Your spell library contained the following spells:

 Spells                   Type           Power      Damage    Failure   Level
 Ozocubu's Armour         Ice            54%        N/A       1%          3
 Sandblast                Erth           26%        2d8       10%         1
 Blink                    Tloc           26%        N/A       14%         2
 Passwall                 Tmut/Erth      10%        N/A       14%         2
 Ice Form                 Ice/Tmut       34%        N/A       21%         4
 Gell's Gravitas          Tloc           13%        N/A       28%         3
 Ignite Poison            Fire/Tmut/Pois 13%        N/A       28%         3
 Spider Form              Tmut/Pois      13%        N/A       28%         3
 Stone Arrow              Conj/Erth      26%        3d8       28%         3
 Teleport Other           Tloc           13%        N/A       28%         3
 Tukima's Dance           Hex            13%        N/A       28%         3
 Lightning Bolt           Conj/Air       18%        1d33      38%         5
 Anguish                  Hex/Necr       6%         N/A       67%         4
 Dispel Undead            Necr           13%        3d9       67%         4
 Fulminant Prism          Conj/Hex       6%         3d7       67%         4
 Iskenderun's Mystic Bla  Conj/Tloc      13%        2d5       67%         4
 Sticky Flame             Conj/Fire      13%        2d4       67%         4
 Lee's Rapid Deconstruct  Erth           6%         3d7*      95%         5
 Manifold Assault         Tloc           13%        N/A       95%         5
 Dispersal                Tloc           6%         N/A       100%        6
 Enfeeble                 Hex            6%         N/A       100%        7
 Storm Form               Tmut/Air       18%        N/A       100%        7


Dungeon Overview and Level Annotations

Branches:
Dungeon (15/15)            Temple (0/1) D:4            Lair (6/6) D:10
 Shoals (1/4) Lair:3       Spider (0/4) Lair:2        Slime (0/5) Lair:6
    Orc (2/2) D:12            Elf (0/3) Orc:2        Vaults (0/5) D:14
 Depths (0/4) D:15          Sewer (visited)

Shops:
D:9 =   D:15 *   Orc:1 =   Orc:2 ([*=

Annotations:
D:13 6 runed translucent doors
Shoals:1 Nikola


Innate Abilities, Weirdness & Mutations

You have an increased reservoir of magic. (+10% MP)
You shall have no god before yourself.
Your divine heritage dramatically boosts your attributes as you level up.
You have large cloven feet.
A frigid envelope surrounds you and freezes all who hurt you.
You are covered in fur. (AC +1)


Message History

The air twists around and strikes Nikola!!
Nikola is severely wounded.
Casting: Airstrike (mildly dangerous; 2% risk of failure)
Confirm with . or Enter, or press ? or * to list all spells.
Aiming: Airstrike (mildly dangerous; 2% risk of failure)
Press: ? - help, Dir - move target, f/p - Nikola
Aim: Nikola, wielding a +3 rapier of electrocution, wearing a +2 cloak and wearing a +0 pair of gloves (severely wounded, ally target, empty space bonus: 7/8)
The air twists around and strikes Nikola!
Nikola is severely wounded.
Your lightning spire shoots out a bolt of lightning at Nikola!
The bolt of electricity hits Nikola!
You hit Nikola.
Nikola is severely wounded.
You barely miss Nikola.
Nikola is severely wounded.
Nikola mumbles some strange words.
Lightning arcs from Nikola's hands!
The bolt of lightning hits you!! You resist.
A bolt of lightning appears from out of thin air!
The bolt of lightning hits Nikola.
The bolt of lightning hits your lightning spire!!
Your lightning spire resists.
Your lightning spire is destroyed!
Your lightning spire disappears in a puff of smoke!
Your unstable footing causes you to fumble your attack.
Your unstable footing causes you to fumble your attack.
Nikola mumbles some strange words.
Lightning arcs from Nikola's hands!
The bolt of lightning hits you!!! You resist.
* * * LOW HITPOINT WARNING * * *
A bolt of lightning appears from out of thin air!
The bolt of lightning hits Nikola.
Aiming: Iceblast
Press: ? - help, Shift-Dir - straight line, p - Nikola The mass of ice explodes!
The iceblast engulfs Nikola!!
Nikola is almost dead.
Nikola gestures wildly while chanting.
Lightning arcs from Nikola's hands!
The bolt of lightning hits you!!! You resist.
You die...

...^≈....≈≈≈≈≈≈.≈≈≈≈≈≈≈≈≈≈≈≈≈≈≈≈≈
.....†...≈≈≈≈≈≈..PP≈P≈≈≈≈≈≈≈≈≈≈..
≈≈≈.##......≈≈..##..P≈P≈≈P≈≈≈....
.≈≈.##......≈≈.####.≈≈P≈PPP≈P#...
..≈≈..#####≈≈≈.# #.≈P≈P.....P...
##..### ##.≈≈≈.####.P≈≈≈≈....≈≈..
###### #.≈≈≈≈.....≈≈≈≈≈≈≈PP≈P≈.P
#.####.≈≈≈≈≈@.P≈≈≈≈≈≈≈≈P≈PPP..
#..≈....≈≈≈≈§≈@≈≈≈≈≈≈≈≈≈PPP≈P..
###.≈≈≈≈.≈≈≈≈≈≈≈≈≈≈≈≈P≈≈≈≈≈≈≈≈≈≈.
##..≈≈≈≈≈≈≈≈≈≈≈≈≈≈≈≈≈≈≈≈P≈≈≈≈≈≈≈.
.8≈≈≈≈≈≈≈≈≈≈≈≈≈≈≈≈≈≈≈≈≈≈≈≈≈≈≈≈≈≈.
≈≈≈≈≈≈≈≈≈≈≈≈≈≈≈≈≈≈≈≈≈≈≈≈.≈≈≈≈.≈≈≈
≈≈≈≈≈≈≈≈≈≈≈≈≈≈≈≈≈≈≈≈≈≈≈...≈..≈.≈≈
≈≈≈≈≈≈≈≈≈≈≈≈≈≈≈≈≈≈≈≈≈≈.###.....≈≈
≈≈≈≈≈≈≈≈≈≈≈≈≈≈≈≈≈≈...≈..####...≈.
≈≈≈≈≈≈≈≈≈≈.≈≈≈≈..................


You could see Nikola.

Vanquished Creatures
  A sphinx (D:14)
  The ghost of Loulutte the Severer, a journeyman DDWr of Makhleb (D:14)
  The ghost of BubbleThief the Fighter, a journeyman DsNe of Kikubaaqudgha (Orc:2)
  2 orc warlords
  Nessos (D:12)
  2 dire elephants
  A merfolk impaler (Shoals:1)
  A fire dragon (Lair:6)
  5 boulder beetles
  3 catoblepae
  10 hydras
  An anaconda (Lair:3)
  7 centaur warriors
  4 two-headed ogres
  2 tengu warriors
  9 death yaks
  Urug (D:12)
  4 orc high priests (Orc:2)
  4 skeletal warriors
  2 sea snakes (Shoals:1)
  Pikel (D:8)
  4 harpies
  3 orc knights (Orc:2)
  4 orc sorcerers
  5 manticores
  A wolf spider (D:13)
  A deep elf pyromancer (D:15)
  An oklob plant (Lair:6)
  A manticore (shapeshifter) (D:14)
  7 ugly things
  5 cyclopes
  An elephant (Lair:2)
  A salamander (D:15)
  4 black mambas
  A merfolk siren (Shoals:1)
  Maurice (D:8)
  2 gargoyles
  A torpor snail (Lair:5)
  15 cane toads
  An orange demon (Lair:3)
  A kobold demonologist (D:12)
  Maggie (D:8)
  4 rime drakes
  7 komodo dragons
  4 polar bears
  2 merfolk (Shoals:1)
  A hornet (Lair:3)
  A meliai (D:15)
  3 slime creatures
  9 trolls
  15 blink frogs
  A wind drake (Shoals:1)
  A dream sheep (Lair:3)
  2 snapping turtles (Shoals:1)
  A jumping spider (shapeshifter) (D:13)
  2 spriggans (Lair:5)
  5 wraiths
  Sigmund (D:2)
  35 yaks
  2 water elementals
  8 wyverns
  A human (shapeshifter) (D:14)
  7 basilisks
  A hog (shapeshifter) (D:15)
  3 steam dragons
  4 vampire mosquitoes
  2 wargs
  Edmund (D:4)
  4 acid dragons
  17 water moccasins
  2 ice beasts
  4 swamp drakes (Lair:6)
  5 black bears
  20 orc warriors
  6 ogres
  16 wolves
  4 phantoms
  7 centaurs
  3 lemures (D:8)
  4 kobold brigands
  2 gnoll sergeants
  12 bullfrogs
  4 scorpions
  9 wights
  4 killer bees (D:8)
  5 howler monkeys
  5 electric eels
  2 lava snakes (Lair:1)
  2 hounds (D:5)
  A jelly (D:4)
  17 orc priests
  A gnoll shaman (D:8)
  6 iguanas
  32 orc wizards
  7 adders
  7 gnolls
  4 river rats
  2 shadow imps
  A white imp (D:8)
  An ufetubus (D:6)
  4 worms (Lair:2)
  6 dart slugs
  65 orcs
  2 bats
  8 endoplasms
  11 giant cockroaches
  6 goblins
  9 hobgoblins
  2 jackals (D:3)
  4 quokkas
  10 ball pythons
  A frilled lizard (D:1)
  18 kobolds
  7 rats
616 creatures vanquished.

Vanquished Creatures (collateral kills)
  Gastronok (Lair:2)
  2 dire elephants
  An ettin (Orc:2)
  Erolcha (D:11)
  2 two-headed ogres
  Erica (Lair:2)
  A catoblepas (Lair:4)
  8 death yaks
  A tengu warrior (D:15)
  Nergalle (Lair:2)
  Amaemon (Lair:3)
  3 skeletal warriors
  A sea snake (Shoals:1)
  A swamp dragon (Lair:6)
  An orc knight (Orc:1)
  A lindwurm (Lair:6)
  A deep elf pyromancer (D:10)
  A harpy (Shoals:1)
  2 oklob plants (Lair:6)
  3 orc sorcerers
  5 ugly things
  A manticore (D:12)
  A cyclops (D:11)
  3 elephants
  3 black mambas
  7 cane toads
  A torpor snail (Lair:4)
  5 rime drakes
  Psyche (D:12)
  3 komodo dragons
  2 merfolk (Shoals:1)
  A troll (Orc:1)
  A polar bear (Lair:4)
  14 blink frogs
  A slime creature (D:13)
  2 dream sheep (Lair:6)
  A wraith (D:12)
  6 spriggans
  A nameless horror (Lair:2)
  22 yaks
  3 basilisks
  2 vampire mosquitoes (D:13)
  A warg (Orc:2)
  2 water moccasins (Lair:6)
  16 orc warriors
  14 wolves
  A centaur (D:14)
  2 ogres (Orc:2)
  A kobold brigand (D:11)
  2 bullfrogs
  13 orc priests
  A gnoll shaman (Orc:2)
  An iguana (Lair:6)
  12 orc wizards
  A gnoll (D:10)
  16 orcs
  4 kobolds (D:12)
207 creatures vanquished.

Vanquished Creatures (others)
  An iguana (Lair:6)
  A bush (Lair:4)
  47 fungi
  163 plants
212 creatures vanquished.

Grand Total: 1035 creatures vanquished

Notes
Turn   | Place    | Note
-------+----------+-------------------------------------------
     0 | D:1      | nilya the Demigod Wanderer began the quest for the Orb.
     0 | D:1      | nilya set off with the following items: a +0 vorpal hand
                  | crossbow, a +0 mace, a piece from Xom's chessboard (15/15),
                  | a potion of lignification, a +0 leather armour
     0 | D:1      | Reached XP level 1. HP: 16/16 MP: 3/3
   173 | D:1      | Reached XP level 2. HP: 23/23 MP: 4/4
   571 | D:1      | Reached XP level 3. HP: 25/28 MP: 5/5
  1139 | D:2      | Reached skill level 5 in Crossbows
  1352 | D:2      | Reached XP level 4. HP: 18/35 MP: 6/6
  1593 | D:2      | Noticed Sigmund
  2440 | D:3      | Found a glowing drain.
  2449 | Sewer    | Entered a sewer
  2789 | Sewer    | Reached XP level 5. HP: 40/40 MP: 7/7
  2814 | Sewer    | Gained mutation: You have large cloven feet. [potion of
                  | mutation]
  2814 | Sewer    | Gained mutation: You are covered in fur. (AC +1) [potion of
                  | mutation]
  2814 | Sewer    | Gained mutation: A frigid envelope surrounds you and
                  | freezes all who hurt you. [potion of mutation]
  3027 | D:3      | Reached XP level 6. HP: 22/47 MP: 8/8
  4087 | D:4      | Found a staircase to the Ecumenical Temple.
  4341 | D:4      | Noticed Edmund
  4420 | D:4      | Killed Edmund
  4513 | D:5      | Entered Level 5 of the Dungeon
  4533 | D:5      | Reached XP level 7. HP: 34/57 MP: 9/9
  5332 | D:5      | Reached XP level 8. HP: 67/67 MP: 10/10
  5678 | D:6      | Noticed a +0 dagger
  5679 | D:6      | Noticed a +0 spear
  5679 | D:6      | Noticed a +0 falchion
  5679 | D:6      | Noticed a +0 dagger
  5680 | D:6      | Noticed a +0 short sword
  5680 | D:6      | Noticed a +0 spear
  5680 | D:6      | Noticed a +0 falchion
  5681 | D:6      | Noticed a +0 short sword
  5748 | D:6      | Reached skill level 5 in Fighting
  6005 | D:6      | Identified the +1 ring mail of Billiquo {Str+5 Dex+4}
  7404 | D:7      | Reached XP level 9. HP: 47/75 MP: 11/11
  8466 | D:7      | Reached skill level 10 in Crossbows
  8632 | D:8      | Noticed Maggie
  8639 | D:8      | Killed Maggie
  8640 | D:8      | Reached skill level 1 in Dodging
  8640 | D:8      | Reached skill level 1 in Spellcasting
  8780 | D:8      | Noticed Pikel
  9028 | D:8      | Killed Pikel
  9307 | D:8      | Noticed Maurice
  9318 | D:8      | Killed Maurice
  9756 | D:8      | Noticed a harpy
  9757 | D:8      | Killed a harpy
  9758 | D:8      | Reached XP level 10. HP: 54/88 MP: 16/18
 10336 | D:9      | Noticed a two-headed ogre
 10505 | D:9      | Found Urumomia's Jewellery Boutique.
 10513 | D:9      | Bought an amulet of regeneration for 390 gold pieces
 10801 | D:9      | Learned a level 4 spell: Summon Lightning Spire
 11149 | D:10     | Entered Level 10 of the Dungeon
 11228 | D:10     | Reached skill level 1 in Summonings
 11228 | D:10     | Reached skill level 1 in Air Magic
 11407 | D:10     | Found a staircase to the Lair.
 11415 | D:10     | Noticed a two-headed ogre
 11511 | D:10     | Noticed a two-headed ogre
 11512 | D:10     | Noticed a two-headed ogre
 11517 | D:10     | Noticed a deep elf pyromancer
 11643 | D:10     | Killed a two-headed ogre
 11665 | Lair:1   | Entered Level 1 of the Lair of Beasts
 11765 | Lair:1   | Reached skill level 5 in Dodging
 11869 | Lair:1   | Reached XP level 11. HP: 95/95 MP: 21/21
 12729 | Lair:2   | Noticed Erica
 12825 | Lair:2   | Reached skill level 5 in Spellcasting
 12969 | Lair:2   | Noticed a boulder beetle
 13034 | Lair:2   | Killed a boulder beetle
 13035 | Lair:2   | Reached skill level 5 in Summonings
 13035 | Lair:2   | Reached skill level 5 in Air Magic
 13098 | Lair:2   | Found a hole to the Spider Nest.
 13161 | Lair:2   | Noticed a catoblepas
 13204 | Lair:2   | Killed a catoblepas
 13236 | Lair:2   | Noticed Nergalle
 13345 | Lair:2   | Noticed Gastronok
 13511 | Lair:2   | Killed Nergalle
 13565 | Lair:2   | Killed Erica
 13648 | Lair:2   | Noticed a catoblepas
 13679 | Lair:2   | Killed a catoblepas
 13799 | Lair:2   | Killed Gastronok
 14224 | Lair:2   | Learned a level 2 spell: Static Discharge
 14279 | Lair:3   | Reached XP level 12. HP: 91/104 MP: 21/25
 14347 | Lair:3   | Found a staircase to the Shoals.
 14845 | Lair:3   | Noticed Amaemon
 14854 | Lair:3   | Killed Amaemon
 14949 | Lair:3   | Noticed an anaconda
 14966 | Lair:3   | Killed an anaconda
 15061 | Lair:3   | Noticed a four-headed hydra
 15096 | Lair:3   | Killed a four-headed hydra
 15114 | Lair:3   | Noticed a dire elephant
 15333 | Lair:3   | Killed a dire elephant
 15433 | Lair:3   | Noticed a dire elephant
 15596 | Lair:3   | Reached skill level 5 in Armour
 15633 | Lair:3   | Killed a dire elephant
 15705 | Lair:3   | Got Sif Muna's Grimoire of the Virous Birds
 15901 | Lair:4   | Reached XP level 13. HP: 111/111 MP: 24/29
 15965 | Lair:4   | Reached skill level 5 in Maces & Flails
 17590 | Lair:5   | Learned a level 4 spell: Airstrike
 17956 | Lair:5   | Reached skill level 1 in Shields
 18146 | Lair:6   | Entered Level 6 of the Lair of Beasts
 18690 | Lair:6   | Reached XP level 14. HP: 118/118 MP: 13/31
 18964 | Lair:6   | Reached skill level 5 in Shields
 19596 | Lair:6   | Found a staircase to the Slime Pits.
 20151 | Lair:6   | Reached skill level 10 in Spellcasting
 20152 | Lair:6   | Reached skill level 10 in Maces & Flails
 20594 | D:2      | Killed Sigmund
 21250 | D:11     | Noticed Erolcha
 21285 | D:11     | Killed Erolcha
 22165 | D:12     | Noticed Nessos
 22201 | D:12     | Killed Nessos
 22553 | D:12     | Noticed Psyche
 22561 | D:12     | Killed Psyche
 22671 | D:12     | Noticed Urug
 22683 | D:12     | Killed Urug
 22764 | D:12     | Identified 2 scrolls of acquirement
 22765 | D:12     | Acquired 1257 gold pieces
 22767 | D:12     | Acquired 242 gold pieces
 22777 | D:12     | Found a staircase to the Orcish Mines.
 23178 | Orc:1    | Entered Level 1 of the Orcish Mines
 23444 | Orc:1    | Found Liojol's Jewellery Boutique.
 23553 | D:9      | Bought a ring of protection from fire for 325 gold pieces
 23553 | D:9      | Bought a +4 ring of slaying for 1014 gold pieces
 23643 | Orc:2    | Entered Level 2 of the Orcish Mines
 23665 | Orc:2    | Noticed an orc warlord
 23699 | Orc:1    | Killed an orc warlord
 23700 | Orc:1    | Reached XP level 15. HP: 16/124 MP: 30/33
 23877 | Orc:2    | Found a transporter.
 23879 | Orc:2    | Noticed BubbleThief's ghost (journeyman DsNe)
 23881 | Orc:2    | Found a transporter.
 24229 | Orc:2    | Found a staircase to the Elven Halls.
 24354 | Orc:2    | Reached skill level 10 in Fighting
 25270 | Orc:2    | Found Zewkech's General Store.
 25271 | Orc:2    | Found Sottonew's Jewellery Emporium.
 25273 | Orc:2    | Found Boap's Antique Armour Emporium.
 25273 | Orc:2    | Found Asamezoa's Antique Weapon Shoppe.
 25515 | Orc:2    | Bought the ring of Xego {Drain rPois Dex+8 Slay+3 Stlth+}
                  | for 804 gold pieces
 25603 | Orc:2    | Killed BubbleThief's ghost
 26319 | D:13     | Found a runed translucent gate.
 26319 | D:13     | Found a runed translucent gate.
 26319 | D:13     | Found a runed translucent gate.
 26463 | D:13     | Noticed a tengu reaver
 26463 | D:13     | Noticed a fire giant
 26635 | D:13     | Found a runed translucent gate.
 26635 | D:13     | Found a runed translucent gate.
 26635 | D:13     | Found a runed translucent gate.
 27163 | D:14     | Learned a level 3 spell: Frozen Ramparts
 27198 | D:14     | Reached skill level 1 in Ice Magic
 27305 | D:14     | Learned a level 7 spell: Ozocubu's Refrigeration
 27321 | D:14     | Found a gate to the Vaults.
 27779 | D:15     | Entered Level 15 of the Dungeon
 27982 | D:15     | Found a runed translucent gate.
 27982 | D:15     | Found a runed translucent gate.
 27982 | D:15     | Found a runed translucent gate.
 27984 | D:15     | Found Ituestad's Assorted Antiques.
 27984 | D:15     | Noticed a sphinx
 27987 | D:15     | Noticed Loulutte's ghost (journeyman DDWr)
 28154 | D:15     | Reached skill level 5 in Ice Magic
 28289 | D:15     | Found a staircase to the Depths.
 28439 | D:14     | Killed Loulutte's ghost
 28499 | D:14     | Killed a sphinx
 28562 | D:15     | Bought a scroll of blinking for 322 gold pieces
 28562 | D:15     | Bought 2 potions of curing for 258 gold pieces
 28562 | D:15     | Bought a scroll of blinking for 322 gold pieces
 28562 | D:15     | Bought a scroll of enchant weapon for 322 gold pieces
 28862 | Shoals:1 | Entered Level 1 of the Shoals
 28906 | Shoals:1 | Reached XP level 16. HP: 134/139 MP: 30/35
 29076 | Shoals:1 | Learned a level 4 spell: Summon Ice Beast
 29522 | Shoals:1 | Noticed Nikola
 29889 | Shoals:1 | Killed from afar by Nikola

Illustrated notes

Levels and vault maps discovered:
D:1:      saegor_arrival_simple_b, layout_loops_ring
D:2:      layout_basic, interstate_on_off, st_stairs_6, uniq_sigmund
D:3:      layout_loops_corners, portal_sewer_entry_b, minmay_misc_feat_columns,
          dreamdust_princess_bridge, grunt_ministairs_14, kennysheep_orc_chapel
D:4:      layout_cave_pools, lightli_temple_of_fire, nzn_wu_jian_contemplation,
          minmay_temple_entry_mist, uniq_edmund
D:5:      layout_loops_cross, nicolae_overflow_crystal_walls,
          yredelemnul_altar_generic, mainiacjoe_overflow_boulevard,
          minmay_misc_feat_x
D:6:      layout_loops_corners, nicolae_uskayaw_en_pointe,
          minmay_misc_feat_hallway, serial_bayou_pond_e, corner_web_ring
D:7:      layout_rooms, jmf_multi_god_temple, minivault_1
D:8:      layout_basic, evilmike_ruin_ashenzari, uniq_pikel, uniq_maurice,
          uniq_maggie
D:9:      layout_basic, nemelex_spade_bored_becter,
          mainiacjoe_overflow_alcove_1, grunt_gozag_statues, serial_shops, shop,
          kennysheep_opposing_triangles
D:10:     nicolae_BIG_FREAKIN_CUBE, layout_cave_pools, lightli_fourway_metalbox
D:11:     layout_basic, uniq_erolcha
D:12:     layout_irregular_city, orc_0_dummy, nicolae_elyvilon_temple_path,
          uniq_psyche, uniq_urug, uniq_nessos
D:13:     kennysheep_treasure_stockpile, layout_basic
D:14:     layout_gridville, david_vaults_4, nicolae_benzene_ring
D:15:     hangedman_depths_entry_try_elsewhere_first, layout_cave_pools,
          serial_park_fountain, ebering_ghost_gozag, grunt_ministairs_15
Lair:1:   layout_loops_ring, serial_forest, infiniplex_forest_lined_ring,
          infiniplex_forest_join, infiniplex_forest_clump_double,
          infiniplex_forest_diagonal, infiniplex_forest_clump_large,
          infiniplex_forest_clump_cross, infiniplex_forest_corner_1,
          nicolae_lair_liquid_snakes
Lair:2:   layout_regular_city, nicolae_spider_entry_non_spiders,
          beast_lair_carwin_9, uniq_nergalle, uniq_gastronok, uniq_erica
Lair:3:   wad_woods_stonehenge, layout_gridlike, shoals_dummy_entry,
          nicolae_lair_lakeside_cave, uniq_amaemon
Lair:4:   layout_layer_cave, serial_bayou_shore_b, infiniplex_staircase_pool
Lair:5:   layout_hall_layers, wad_woods_01
Lair:6:   hangedman_lair_in_review, layout_regular_city,
          guppyfry_lair_end_dragon, minmay_slime_entry_oklob_enclosed,
          serial_bayou_ford_a
Shoals:1: layout_shoals, uniq_nikola
Orc:1:    layout_diamond_mine, minmay_shop_enchanted_jewellery
Orc:2:    st_orc_congregation, layout_caves, gammafunk_ghost_arena

Skill      XL: |  1  2  3  4  5  6  7  8  9 10 11 12 13 14 15 16 |
---------------+-------------------------------------------------+-----
Crossbows      | 4 5 6 7 8 9 10 | 10.0
Fighting       | 3 4 6 8 9 12 | 12.0
Evocations     | 2 4 |  4.0
Dodging        | 3 5 7 |  7.0
Spellcasting   | 3 4 6 7 9 10 | 10.0
Summonings     | 3 7 8 |  8.0
Air Magic      | 3 7 8 9 |  9.0
Armour         | 5 7 |  7.0
Maces & Flails | 4 8 12 | 12.0
Shields        | 4 5 |  5.0
Ice Magic      | 6 7 |  7.8

Action                   |  1- 3 |  4- 6 |  7- 9 | 10-12 | 13-15 | 16-18 || total
-------------------------+-------+-------+-------+-------+-------+-------++-------
Melee: Demon whip        |       |       |       |    79 |  1057 |    48 ||  1184
       Punch             |       |       |       |     2 |     2 |       ||     4
 Fire: Hand crossbow     |   131 |   223 |   313 |   634 |     9 |       ||  1310
Throw: Dart              |       |       |       |     1 |       |       ||     1
 Cast: Summon Lightning  |       |       |       |    55 |   169 |    10 ||   234
       Static Discharge  |       |       |       |       |    66 |       ||    66
       Airstrike         |       |       |       |       |    64 |    11 ||    75
       Summon Ice Beast  |       |       |       |       |       |     7 ||     7
Evoke: Piece from Xom's  |       |     8 |     9 |    12 |     1 |       ||    30
       Wand              |       |       |    11 |    11 |     7 |     2 ||    31
  Use: Scroll            |       |     9 |       |    14 |    10 |     1 ||    34
       Potion            |       |     3 |       |       |     1 |     3 ||     7
 Stab: Paralysed         |       |       |       |     5 |     9 |       ||    14
       Distracted        |       |       |       |     1 |    30 |     3 ||    34
       Petrified         |       |       |       |       |     4 |       ||     4
       Petrifying        |       |       |       |       |     1 |       ||     1
       Sleeping          |       |       |       |       |     2 |       ||     2
Armor: Leather armour    |    18 |    15 |    21 |       |       |       ||    54
       Skin              |       |    10 |       |       |       |       ||    10
       Swamp dragon scal |       |       |    19 |   177 |   376 |     7 ||   579
       Steam dragon scal |       |       |     3 |       |       |       ||     3
Dodge: Dodged            |    27 |    49 |    93 |   299 |   516 |    22 ||  1006
Block: Buckler           |       |       |       |       |   219 |     8 ||   227

Table legend: (Time is in decaauts)
 A = Elapsed time spent in this place.
 B = Non-inter-level travel time spent in this place.
 C = Inter-level travel time spent in this place.
 D = Time resting spent in this place.
 E = Time spent auto-exploring this place.
 F = Levels seen in this place.
 G = Mean time per level.
                   A        B        C        D        E       F      G
               +--------+--------+--------+--------+--------+-----+--------+
         Total |  29793 |  27761 |   2032 |   6302 |  14917 |  25 | 1191.7 |
       Dungeon |  17393 |  15970 |   1423 |   3943 |   8910 |  15 | 1159.5 |
          Lair |   8752 |   8365 |    387 |   1444 |   4644 |   6 | 1458.7 |
        Shoals |   1042 |   1005 |     37 |    367 |    435 |   1 | 1042.0 |
  Orcish Mines |   2136 |   1952 |    184 |    279 |    811 |   2 | 1068.0 |
         Sewer |    469 |    469 |      0 |    268 |    116 |   1 |  469.0 |
               +--------+--------+--------+--------+--------+-----+--------+

Top non-repeatable levels by time:
  Lair:6: 2013 daAuts
     D:6: 1764 daAuts
  Lair:3: 1592 daAuts
   Orc:2: 1568 daAuts
  Lair:2: 1528 daAuts
     D:7: 1448 daAuts
     D:3: 1437 daAuts
     D:9: 1405 daAuts
     D:8: 1399 daAuts
  Lair:4: 1309 daAuts
    D:13: 1275 daAuts
    D:12: 1223 daAuts
     D:2: 1177 daAuts
  Lair:5: 1174 daAuts
  Lair:1: 1133 daAuts
